 Dungeon Crawl Stone Soup version 0.19.1-1-g22dce08 (webtiles) character file.

2240 Mesmaeker13 the Skirmisher (level 9, -23/71 HPs)
             Began as a Demonspawn Chaos Knight on Jan 3, 2017.
             Killed from afar by Erica (27 damage)
             ... with a bolt of poison
             ... on level 8 of the Dungeon.
             The game lasted 00:17:00 (7656 turns).

Mesmaeker13 the Skirmisher (DsCK)                   Turns: 7656, Time: 00:17:03

Health: -23/71     AC:  8    Str: 15    XL:     9   Next: 14%
Magic:  9/9        EV:  8    Int: 14    God:    Xom [...*..]
Gold:   2141       SH:  9    Dex: 13    Spells: 0 memorised, 8 levels left

rFire  x . .     SeeInvis .     K - +5 trident
rCold  + . .     Gourm    .     s - +0 scale mail
rNeg   . . .     Faith    .     x - +0 shield
rPois  .         Spirit   .     (no helmet)
rElec  .         Reflect  .     (no cloak)
rCorr  .         Harm     .     (no gloves)
MR     +....                    o - +0 pair of boots (curse)
Stlth  +.........               (no amulet)
                                G - ring of protection from magic
                                k - ring of ice

@: lethally poisoned (-23 -> -30)
A: hooves 2, nightstalker 1, sturdy frame 1
a: Renounce Religion


You were on level 8 of the Dungeon.
You worshipped Xom.
You were a favourite toy of Xom.
You were not hungry.

You visited 2 branches of the dungeon, and saw 9 of its levels.

You collected 2583 gold pieces.
You spent 442 gold pieces at shops.

Inventory:

Hand Weapons
 z - a +2 shortbow of flaming
 D - a +0 bardiche of freezing
 K - a +5 trident (weapon)
Missiles
 f - a throwing net (quivered)
Armour
 o - a cursed +0 pair of boots (worn)
 s - a +0 scale mail (worn)
 x - a +0 shield (worn)
Jewellery
 k - a ring of ice (left hand)
 G - a ring of protection from magic (right hand)
Wands
 q - a wand of paralysis (5/24)
Scrolls
 h - a scroll of random uselessness {unknown}
 i - 5 scrolls of teleportation
 n - 4 scrolls of enchant armour
 p - a scroll of recharging {unknown}
 u - a scroll of fog {unknown}
 w - a scroll of remove curse {unknown}
 y - a scroll of identify
 B - a scroll of amnesia {unknown}
Potions
 a - a potion of cure mutation
 d - 3 potions of flight
 e - 2 potions of lignification
 l - 3 potions of cancellation
 m - 2 potions of haste {unknown}
 t - a potion of mutation {unknown}
 A - a potion of might {unknown}
 C - 2 potions of berserk rage {unknown}
 J - 2 potions of brilliance {unknown}
Books
 v - a book of Misfortune

   Spells                             Type                      Level
   a - Confusing Touch                Hexes                        1
   b - Confuse                        Hexes                        3
   c - Gell's Gravitas                Hexes/Translocation          3
   d - Petrify                        Transmutation/Earth          4
   e - Metabolic Englaciation         Hexes/Ice                    5
   f - Yara's Violent Unravelling     Hexes/Transmutation          5
 E - a book of Necromancy

   Spells                             Type                      Level
   a - Pain                           Necromancy                   1
   b - Animate Skeleton               Necromancy                   1
   c - Vampiric Draining              Necromancy                   3
   d - Regeneration                   Charms/Necromancy            3
   e - Animate Dead                   Necromancy                   4
   f - Control Undead                 Necromancy                   4
Comestibles
 c - 9 bread rations
 g - 5 meat rations
 j - a royal jelly
 r - 3 beef jerkies
 F - 2 fruits
 H - 2 slices of pizza


   Skills:
 + Level 6.9 Fighting
 + Level 6.4 Polearms
 + Level 6.1 Armour
 - Level 0.8 Dodging
 + Level 4.6 Shields


You had 8 spell levels left.
You didn't know any spells.

Dungeon Overview and Level Annotations

Branches:
Dungeon (7/15)             Temple (1/1) D:4

Altars:
Ashenzari
Cheibriados
Dithmenos
Elyvilon
Fedhas
Hepliaklqana
Kikubaaqudgha
Makhleb
Nemelex Xobeh
Okawaru
Qazlal
Ru
Sif Muna
Trog
Vehumet
Xom
Yredelemnul
Zin
The Shining One

Shops:
D:5 *

Annotations:
D:7 Prince Ribbit
D:8 Erica


Innate Abilities, Weirdness & Mutations

You have hoof-like feet.
You are slightly more attuned to the shadows.
Your movements are slightly less encumbered by armour. (ER -2)


Message History

Your crimson imp hits the orc.
Something hits you!
* * * LOW HITPOINT WARNING * * *
Something burns you.
* * * LOW HITPOINT WARNING * * *
Unknown command.
Okay, then.
Okay, then.
It was a potion of cure mutation.
It has a very clean taste.
You feel less resistant to poisons.
You feel robust.
Your regeneration returns to normal.
Something closely misses your crimson imp.
Your crimson imp hits the orc.
The orc priest calls upon Beogh to heal the orc.
The orc's wounds heal themselves!
Something bites your crimson imp.
You hear some strange, mumbled words.
A bolt of poison appears from out of thin air!
The bolt of poison hits you!
You are lethally poisoned!
You die...
Xom is highly amused!

###########
...)..@{oo#
##.######5#
#####.######
......oo..KK###
#........o.o..#
..####.####K#K#
. #.# #.#.# #.#
#o#.# #.# #K#.#


You could see an orc priest, an orc and a friendly crimson imp.

Vanquished Creatures
  The ghost of Paps the Twirler, a novice GrMo (D:6)
  A spriggan (D:7)
  2 orc priests
  2 sky beasts (D:7)
  An ice beast (D:5)
  2 ogres
  A big kobold (D:8)
  A bullfrog (D:6)
  A scorpion (D:6)
  4 wights (D:6)
  2 howler monkeys
  2 crimson imps
  3 hounds
  3 orc wizards
  A centaur skeleton (D:8)
  An iguana (D:7)
  A worker ant (D:5)
  A howler monkey zombie (D:5)
  A howler monkey skeleton (D:5)
  5 adders
  An ooze (D:1)
  2 adder zombies
  An adder skeleton (D:5)
  A worm (D:5)
  4 dart slugs (D:2)
  14 orcs
  3 giant cockroaches
  6 goblins
  2 hobgoblins
  6 jackals
  3 quokkas
  2 ball pythons
  8 bats
  6 frilled lizards
  8 kobolds
  7 rats
110 creatures vanquished.

Vanquished Creatures (collateral kills)
  Grinder (D:5)
  2 orc warriors
  An orc wizard (D:8)
  An adder (D:5)
  5 orcs
  A kobold (D:8)
11 creatures vanquished.

Vanquished Creatures (others)
  A hound zombie (D:3)
1 creature vanquished.

Grand Total: 122 creatures vanquished

Notes
Turn   | Place    | Note
-------+----------+-------------------------------------------
     0 | D:1      | Mesmaeker13 the Demonspawn Chaos Knight began the quest for the Orb.
     0 | D:1      | Reached XP level 1. HP: 18/18 MP: 1/1
    87 | D:1      | XOM: divination: detect creatures
   168 | D:1      | XOM: divination: detect items
   331 | D:1      | Gained mutation: You are slightly more attuned to the shadows. [demonic ancestry]
   331 | D:1      | Reached XP level 2. HP: 23/24 MP: 2/2
   790 | D:1      | XOM: silly message
  1106 | D:2      | Reached XP level 3. HP: 29/29 MP: 3/3
  1255 | D:2      | XOM: potion effect (berserk rage)
  1256 | D:2      | XOM: noise
  1426 | D:2      | Found a stormy altar of Qazlal.
  1595 | D:2      | You fall through a shaft!
  1637 | D:3      | Gained mutation: You have large cloven feet. [demonic ancestry]
  1637 | D:3      | Reached XP level 4. HP: 31/37 MP: 4/4
  1708 | D:3      | XOM: summons friendly shadow imp
  1949 | D:2      | XOM: cast spell 'Ice Form'
  2369 | D:3      | Found a bloodstained altar of Trog.
  2568 | D:4      | XOM: cloud trail
  2789 | D:4      | Reached XP level 5. HP: 42/42 MP: 5/5
  2966 | D:4      | XOM: god gift: glowing shortbow {god gift}
  3365 | D:4      | Found a staircase to the Ecumenical Temple.
  3373 | Temple   | Entered the Ecumenical Temple
  3406 | Temple   | XOM: 5-stop teleportation journey
  3442 | Temple   | XOM: noise
  3502 | D:4      | XOM: god gift: shield {god gift}
  3609 | D:5      | Entered Level 5 of the Dungeon
  3609 | D:5      | Noticed Grinder
  3610 | D:5      | XOM: destruction
  3612 | D:5      | Paralysed by Grinder for 3 turns
  3617 | D:5      | XOM: summons 2 friendly demons
  3620 | D:5      | Killed Grinder
  3620 | D:5      | Reached skill level 1 in Shields
  3620 | D:5      | Gained mutation: Your movements are slightly less encumbered by armour. (ER -2) [demonic ancestry]
  3620 | D:5      | Reached XP level 6. HP: 26/50 MP: 6/6
  3702 | D:5      | XOM: god gift: leather armour {god gift}
  3738 | D:5      | Found a shimmering altar of Xom.
  4218 | D:5      | Found Namom's General Store.
  4246 | D:5      | XOM: mild Fire miscast
  4286 | D:5      | Reached skill level 5 in Fighting
  4310 | D:5      | Noticed an ice beast
  4353 | D:5      | Killed an ice beast
  4353 | D:5      | Reached XP level 7. HP: 36/56 MP: 7/7
  4592 | D:5      | Found an iron altar of Okawaru.
  4705 | D:5      | XOM: enchant monster (good)
  4954 | D:5      | XOM: scenery: 2 doors open, 1 doors close
  5079 | D:6      | XOM: god gift: 2270 gold pieces
  5137 | D:5      | Bought 2 fruits for 45 gold pieces
  5137 | D:5      | Bought an uncursed ring of protection from magic for 375 gold pieces
  5137 | D:5      | Bought a slice of pizza for 22 gold pieces
  5199 | D:6      | Noticed Paps's ghost (novice GrMo)
  5215 | D:6      | XOM: summons friendly orange demon
  5245 | D:6      | Killed Paps's ghost
  5245 | D:6      | Reached skill level 5 in Polearms
  5528 | D:6      | XOM: 4-stop teleportation journey
  5582 | D:6      | Reached XP level 8. HP: 55/64 MP: 8/8
  5655 | D:6      | XOM: scenery: create altars
  5720 | D:6      | Found a radiant altar of Vehumet.
  5747 | D:6      | XOM: give mutation
  5747 | D:6      | Gained mutation: Your system is resistant to poisons. (rPois) [Xom's grace]
  5809 | D:6      | XOM: harmless Summ miscast
  5880 | D:6      | XOM: cast spell 'Olgreb's Toxic Radiance'
  5890 | D:6      | XOM: cast spell 'Dispersal'
  5891 | D:6      | Reached skill level 5 in Armour
  6062 | D:6      | XOM: give mutations
  6062 | D:6      | Gained mutation: You are frail. (-10% HP) [Xom's mischief]
  6062 | D:6      | Gained mutation: You are weak. (Str -2) [Xom's mischief]
  6062 | D:6      | Lost mutation: You are weak. (Str -2) [Xom's mischief]
  6062 | D:6      | Gained mutation: You regenerate slowly when monsters are visible. [Xom's mischief]
  6208 | D:6      | XOM: potion effect (invisibility)
  6296 | D:7      | Noticed Prince Ribbit
  6304 | D:7      | XOM: confusion
  6307 | D:7      | XOM: scenery: create altars
  6517 | D:7      | XOM: swap monsters
  6520 | D:7      | XOM: mild Hex miscast
  6528 | D:7      | XOM: confusion
  7003 | D:7      | XOM: enchant monster (good)
  7005 | D:7      | XOM: cast spell 'Metabolic Englaciation'
  7038 | D:7      | XOM: 2-stop teleportation journey
  7117 | D:7      | XOM: mild Tloc miscast
  7243 | D:7      | XOM: harmless Necr miscast
  7248 | D:7      | XOM: enchant monster (good)
  7410 | D:7      | XOM: scenery: create altars
  7432 | D:7      | Gained mutation: You have hoof-like feet. [demonic ancestry]
  7432 | D:7      | Reached XP level 9. HP: 41/63 MP: 9/9
  7454 | D:7      | XOM: divination: magic mapping
  7582 | D:7      | You fall through a shaft!
  7609 | D:8      | XOM: summons friendly quasit
  7640 | D:8      | XOM: summons 3 friendly demons
  7643 | D:8      | Noticed Erica
  7656 | D:8      | Lost mutation: Your system is resistant to poisons. (rPois) [potion of cure mutation]
  7656 | D:8      | Lost mutation: You are frail. (-10% HP) [potion of cure mutation]
  7656 | D:8      | Lost mutation: You regenerate slowly when monsters are visible. [potion of cure mutation]
  7656 | D:8      | Killed from afar by Erica

Skill      XL: |  1  2  3  4  5  6  7  8  9 |
---------------+----------------------------+-----
Armour         | 2 3 4 5 6 |  6.1
Polearms       | 3 4 5 6 |  6.4
Fighting       | 4 5 6 |  6.9
Shields        | 1 2 4 |  4.6
Dodging        | |  0.8

Action                   |  1- 3 |  4- 6 |  7- 9 || total
-------------------------+-------+-------+-------++-------
Melee: Spear             |   147 |   168 |   113 ||   428
       Trident           |       |     1 |   203 ||   204
Throw: Throwing net      |     1 |       |     1 ||     2
Evoke: Wand              |       |     3 |     2 ||     5
  Use: Scroll            |     3 |     1 |       ||     4
       Potion            |       |       |     4 ||     4
 Stab: Sleeping          |     4 |       |     1 ||     5
       Distracted        |     1 |       |     1 ||     2
       Paralysed         |       |    11 |    14 ||    25
       Confused          |       |     2 |     2 ||     4
       Invisible         |       |       |     2 ||     2
  Eat: Chunk             |     2 |     5 |     6 ||    13
       Bread ration      |       |     1 |     1 ||     2
Armor: Leather armour    |    62 |       |       ||    62
       Scale mail        |     5 |    39 |    68 ||   112
       Skin              |       |       |     2 ||     2
Dodge: Dodged            |    65 |    36 |    55 ||   156
Block: Shield            |       |     7 |    54 ||    61
